 Dungeon Crawl Stone Soup version 0.31-a0-1612-g4aaf141004 (console) character file.

Game seed: 12054713014828671647

1547 petzl the Magician (level 9, -2/68 HPs)
             Began as a Formicid Delver on Jan 9, 2024.
             Was a Follower of Vehumet.
             Slain by a vault guard
             ... wielding a +0 broad axe
              (6 damage)
             ... in a bailey.
             The game lasted 00:21:31 (3789 turns).

petzl the Magician (Formicid Delver)                Turns: 3789, Time: 00:21:31

Health: -2/68      AC:  7    Str: 16    XL:     9   Next: 12%
Magic:  18/18      EV: 13    Int: 15    God:    Vehumet [*.....]
Gold:   114        SH:  0    Dex: 15    Spells: 19/21 levels left

rFire   . . .        a - +1 dagger (venom) {!f =f}
rCold   . . .        (no shield)
rNeg    . . .        B - +0 leather armour
rPois   .            (helmet unavailable)
rElec   .            n - +0 cloak
rCorr   .            m - +0 pair of gloves
SInv    +            j - +1 pair of boots {Stlth+}
Will    .....        q - amulet of regeneration
Stlth   ++++         (no ring)
HPRegen 1.11/turn    (no ring)
MPRegen 0.16/turn

%: no passive effects
@: mighty, studying Invocations, invisible
A: permanent stasis, dig shafts and tunnels, antennae 3, four strong arms
a: Dig, Renounce Religion


You were in a bailey.
You worshipped Vehumet.
Vehumet was aware of your devotion.
You visited 2 branches of the dungeon, and saw 9 of its levels.
You also visited: Bailey.

You collected 114 gold pieces.

Inventory:

Hand Weapons
 a - a +1 dagger of venom (weapon) {!f =f}
 b - a +0 sling
 i - a +0 heavy hand axe {!f =f}
Missiles
 k - 2 poisoned darts
 y - 3 javelins
Armour
 d - a +2 robe of fire resistance
 j - a +1 pair of boots of stealth (worn)
 m - a +0 pair of gloves (worn)
 n - a +0 cloak (worn)
 B - a +0 leather armour (worn)
Jewellery
 q - an amulet of regeneration (around neck)
Wands
 f - a wand of digging (3)
 w - a wand of flame (18)
 x - a wand of roots (6)
Scrolls
 c - a scroll of fog
 g - a scroll of vulnerability
 l - 2 scrolls of amnesia
 v - a scroll of noise
 z - a scroll of enchant weapon
Potions
 e - a potion of degeneration {unknown}
 o - a potion of brilliance
 p - a potion of enlightenment
 r - a potion of curing {unknown}
 s - a potion of resistance {unknown}
 t - a potion of berserk rage {unknown}
 u - a potion of lignification {unknown}
 A - a potion of attraction {unknown}
 C - 2 potions of might


   Skills:
 - Level 5.0 Fighting
 - Level 2.0 Maces & Flails
 + Level 3.2 Ranged Weapons
 + Level 3.6 Armour
 + Level 4.7 Dodging
 - Level 6.0 Stealth
 + Level 6.6 Spellcasting
 * Level 1.2 Conjurations
 * Level 1.1 Necromancy
 - Level 2.0 Evocations


You had 19 spell levels left.
You knew the following spells:

 Your Spells              Type           Power      Damage    Failure   Level
a - Kiss of Death         Conj/Necr      32%        2d7       10%         1
b - Freeze                Ice            16%        1d4       17%         1

Your spell library contained the following spells:

 Spells                   Type           Power      Damage    Failure   Level
 Confusing Touch          Hex            4%         N/A       45%         3
 Dispel Undead            Necr           8%         3d8       71%         4


Dungeon Overview and Level Annotations

Branches:
Dungeon (8/15)             Temple (1/1) D:4          Bailey (1/1)
   Lair: D:8-11

Altars:
Ashenzari
Cheibriados
Dithmenos
Elyvilon
Fedhas
Gozag
Hepliaklqana
Makhleb
Nemelex Xobeh
Okawaru
Qazlal
Ru
Sif Muna
Trog
Vehumet
Xom
Yredelemnul
The Shining One

Shops:
D:5 (

Annotations:
D:5 exclusion: downstairs, Grinder, Sigmund Bailey Prince Ribbit


Innate Abilities, Weirdness & Mutations

You cannot be hasted, slowed, berserked, paralysed or teleported.
You can dig through walls and to a lower floor.
You have a pair of large antennae on your head. (SInv)
Your four strong arms can wield two-handed weapons with a shield.


Message History

The vault guard hits you with a +0 broad axe!
* * * LOW HITPOINT WARNING * * *
There is an open door here.
You fade into invisibility!
The vault guard hits you with a +0 broad axe!
* * * LOW HITPOINT WARNING * * *
Unknown command.
Press: ? - help, v - describe, . - travel
Here: a vault guard, wielding a +0 broad axe and wearing a +0 chain mail (moderately wounded, poisoned)
The floor, spattered with blood.
Unknown command.
Unknown command.
Unknown command.
Unknown command.
The vault guard attacks as it pursues you!
The vault guard hits you with a +0 broad axe!
* * * LOW HITPOINT WARNING * * *
Press: ? - help, v - describe, . - travel
Here: a vault guard, wielding a +0 broad axe and wearing a +0 chain mail (moderately wounded, poisoned)
The floor, spattered with blood.
Unknown command.
Okay, then.
Unknown command.
Okay, then.
Okay, then.
Okay, then.
Unknown command.
Unknown command.
Okay, then.
Okay, then.
Unknown command.
Unknown command.
Okay, then.
Unknown command.
Unknown command.
Okay, then.
It was a potion of might.
You feel very mighty all of a sudden.
The vault guard hits you with a +0 broad axe.
You die...

#### ##### ##~~~##...##
#~~~~~#....##
#####~~~~~'.....##
##...##~~~~#......#
#..∩[.+~~~##....#######
#..)..######.†###≈≈≈≈≈###
#..∩..'...)#'##≈≈~~~~~≈≈##
##...##...)).#≈~~~~~~~~~≈##
#####.......##≈~~~~~~~~~≈#
#...#######≈~~......~# #
#..##..#≈≈≈~.~.~....# ..
#...#..#............#...
#..@#)÷'..~~~~~.~...+..∩
##..p..#~~≈≈≈≈~~....#...
##....#≈≈####≈≈~~~.##..
#########?)###≈~..~### #.F.
##≈.~~~# #~.{.{#≈.~~##
#~~..#≈.~## #~.'.### ######


You could see a vault guard (poisoned).

Vanquished Creatures
  2 humans (Bailey)
  A steam dragon (D:6)
  A black bear (D:7)
  A sky beast (D:7)
  An orc warrior (Bailey)
  9 bullfrogs
  A hound (D:5)
  Jessica (D:2)
  An iguana (D:4)
  An orc wizard (D:7)
  7 gnolls
  4 adders
  A white imp (D:5)
  A ribbon worm (D:4)
  8 orcs
  7 bats
  6 endoplasms
  A giant cockroach (D:2)
  9 goblins
  8 hobgoblins
  4 jackals (D:2)
  5 kobolds
  5 quokkas
  4 ball pythons
  2 frilled lizards (D:1)
  3 rats (D:1)
94 creatures vanquished.

Notes
Turn   | Place    | Note
-------+----------+-------------------------------------------
     0 | D:5      | petzl the Formicid Delver began the quest for the Orb.
     0 | D:5      | Reached XP level 1. HP: 18/18 MP: 1/1
     8 | D:6      | Noticed a wight
     8 | D:6      | Noticed a wight
   129 | D:4      | Noticed an iguana
   289 | D:1      | Reached skill level 1 in Spellcasting
   343 | D:1      | Reached XP level 2. HP: 24/24 MP: 4/4
   640 | D:1      | Reached XP level 3. HP: 29/29 MP: 6/6
   717 | D:1      | Found a faded altar of an unknown god.
  1269 | D:2      | Reached XP level 4. HP: 35/35 MP: 9/9
  1510 | D:2      | Noticed Jessica
  1513 | D:2      | Killed Jessica
  1514 | D:2      | Reached XP level 5. HP: 41/41 MP: 9/11
  2376 | D:4      | Reached skill level 5 in Spellcasting
  2398 | D:4      | Found a bloodstained altar of Trog.
  2465 | D:4      | Reached XP level 6. HP: 47/47 MP: 13/13
  2537 | D:4      | Found a staircase to the Ecumenical Temple.
  2557 | Temple   | Entered the Ecumenical Temple
  2574 | Temple   | Became a worshipper of Vehumet
  2957 | D:5      | Noticed Grinder
  3059 | D:5      | Noticed Sigmund
  3068 | D:5      | Found Lessucleid's Weapon Shoppe.
  3092 | D:6      | Noticed a steam dragon
  3110 | D:6      | Killed a steam dragon
  3111 | D:6      | Reached skill level 1 in Ranged Weapons
  3111 | D:6      | Reached skill level 1 in Armour
  3111 | D:6      | Reached skill level 1 in Evocations
  3111 | D:6      | Reached XP level 7. HP: 34/52 MP: 15/15
  3368 | D:7      | Found a flagged portal.
  3393 | D:7      | Reached XP level 8. HP: 31/60 MP: 17/17
  3422 | Bailey   | Entered a bailey
  3522 | Bailey   | Noticed Prince Ribbit
  3522 | Bailey   | Noticed a vault guard
  3549 | Bailey   | Noticed a human
  3549 | Bailey   | Noticed a human
  3569 | Bailey   | Killed a human
  3610 | Bailey   | Killed a human
  3610 | Bailey   | Reached * piety under Vehumet
  3610 | Bailey   | Offered knowledge of Freeze by Vehumet.
  3613 | Bailey   | Learned a level 1 spell: Kiss of Death
  3615 | Bailey   | Learned a level 1 spell: Freeze
  3672 | Bailey   | Reached skill level 5 in Fighting
  3672 | Bailey   | Reached XP level 9. HP: 43/68 MP: 18/18
  3679 | Bailey   | Reached skill level 1 in Conjurations
  3684 | Bailey   | Reached skill level 1 in Necromancy
  3756 | Bailey   | Noticed a vault guard
  3787 | Bailey   | HP: 2/68 [vault guard/+0 broad axe (7)]
  3789 | Bailey   | Slain by a vault guard

Illustrated notes

Levels and vault maps discovered:
D:1:      ncdulo_smallfort, layout_basic, ebering_ecumenical_altar_rust
D:2:      layout_loops_ring, uniq_jessica
D:3:      layout_loops_cross, corexii_corridor_pit
D:4:      layout_rooms, mainiacjoe_overflow_six_doors_small,
          minmay_temple_entry_statues_pillars
D:5:      layout_basic, serial_shops, shop, st_stairs_8, hex_tiny, uniq_duvessa,
          uniq_grinder, uniq_sigmund
D:6:      layout_loops_cross, grunt_ministairs_5
D:7:      layout_basic, tgw_kikubaaqudgha, enter_bailey_6
D:8:      layout_loops_corners, uniq_grum, uniq_erica, uniq_psyche
Temple:   nicolae_temple_bog_church
Bailey:   bailey_axe_froggy_fort_hellmonk, bailey

Skill      XL: |  1  2  3  4  5  6  7  8  9 |
---------------+----------------------------+-----
Spellcasting   | 1 2 3 4 5 6 |  6.6
Dodging        | 2 3 4 |  4.7
Ranged Weapons | 1 3 |  3.2
Armour         | 1 2 3 |  3.6
Evocations     | 1 2 |  2.0
Fighting       | 4 5 |  5.0
Conjurations   | 1 |  1.2
Necromancy     | 1 |  1.1
Maces & Flails | |  2.0
Stealth        | |  6.0

Action                     |  1- 3 |  4- 6 |  7- 9 || total
---------------------------+-------+-------+-------++-------
  Melee: Mace              |    38 |       |       ||    38
         Dagger            |    42 |   125 |   121 ||   288
         Punch             |       |     1 |     1 ||     2
   Fire: Sling             |       |    10 |     6 ||    16
Ability: Dig               |       |       |     1 ||     1
  Evoke: Wand              |       |       |     7 ||     7
    Use: Potion            |     3 |       |     5 ||     8
         Scroll            |     1 |       |     5 ||     6
   Stab: Sleeping          |    12 |    13 |     2 ||    27
 Armour: Leather armour    |    37 |    75 |   123 ||   235
  Dodge: Dodged            |    50 |    81 |    96 ||   227

Table legend: (Time is in decaauts)
 A = Elapsed time spent in this place.
 B = Non-inter-level travel time spent in this place.
 C = Inter-level travel time spent in this place.
 D = Time resting spent in this place.
 E = Time spent auto-exploring this place.
 F = Levels seen in this place.
 G = Mean time per level.
                   A        B        C        D        E       F      G
               +--------+--------+--------+--------+--------+-----+--------+
         Total |   3799 |   3596 |    203 |    192 |   1978 |  10 |  379.9 |
       Dungeon |   3399 |   3229 |    170 |    121 |   1964 |   8 |  424.9 |
        Temple |     34 |      1 |     33 |      0 |      0 |   1 |   34.0 |
        Bailey |    365 |    365 |      0 |     71 |     14 |   1 |  365.0 |
               +--------+--------+--------+--------+--------+-----+--------+

Top non-repeatable levels by time:
     D:1: 935 daAuts
     D:2: 681 daAuts
     D:3: 632 daAuts
     D:4: 571 daAuts
  Bailey: 365 daAuts
     D:7: 270 daAuts
     D:5: 237 daAuts
     D:6: 68 daAuts
  Temple: 34 daAuts
     D:8: 1 daAuts
